 Dungeon Crawl Stone Soup version 0.26.1-11-gd32895ea62 (webtiles) character file.

Game seed: 9259542736325141363

83 nothank2 the Firebug (level 4, -17/33 HPs)
             Began as a Draconian Fire Elementalist on July 10, 2021.
             Demolished by an orc warrior
             ... wielding a +2 short sword of protection
              (18 damage)
             ... on level 2 of the Dungeon.
             The game lasted 00:09:40 (2525 turns).

nothank2 the Firebug (Draconian Fire Elementalist)  Turns: 2525, Time: 00:09:41

Health: -17/33     AC:  6    Str: 11    XL:     4   Next: 22%
Magic:  5/8        EV: 12    Int: 16    God:
Gold:   101        SH:  0    Dex: 11    Spells: 7/8 levels left

rFire    . . .     SeeInvis .   g - +0 dagger
rCold    . . .     Faith    .   (no shield)
rNeg     . . .     Spirit   .   (armour unavailable)
rPois    .         Reflect  .   (helmet restricted)
rElec    .         Harm     .   i - +0 cloak
rCorr    .         Rampage  .   (no gloves)
Will     .....                  (no boots)
Stlth    ++........             (no amulet)
HPRegen  0.11/turn              (no ring)
MPRegen  0.11/turn              (no ring)

@: no status effects
A: unfitting armour, cold-blooded, AC +5
a: no special abilities


You were on level 2 of the Dungeon.
You visited 1 branch of the dungeon, and saw 2 of its levels.

You collected 101 gold pieces.

Inventory:

Hand Weapons
 c - a +0 club
 g - a +0 dagger (weapon)
Armour
 i - a +0 cloak (worn)
Scrolls
 b - a scroll of blinking {unknown}
 d - 2 scrolls of identify {unknown}
 h - a scroll of remove curse {unknown}
Potions
 a - a potion of resistance {unknown}
 e - 2 potions of invisibility {unknown}
 f - a potion of curing {unknown}
 j - a potion of berserk rage {unknown}
 k - a potion of flight {unknown}
 l - a potion of brilliance {unknown}


   Skills:
 - Level 1.7 Dodging
 - Level 1.7 Stealth
 + Level 2.9 Spellcasting
 + Level 2.4 Conjurations
 + Level 3.8 Fire Magic


You had 7 spell levels left.
You knew the following spells:

 Your Spells              Type           Power        Failure   Level
a - Foxfire               Conj/Fire      48%          5%          1

Your spell library contained the following spells:

 Spells                   Type           Power        Failure   Level
 Conjure Flame            Conj/Fire      12%          16%         3
 Inner Flame              Hex/Fire       8%           26%         3
 Sticky Flame             Conj/Fire      12%          45%         4
 Fireball                 Conj/Fire      6%           82%         5


Dungeon Overview and Level Annotations

Branches:
Dungeon (2/15)

Altars:


Innate Abilities, Weirdness & Mutations

Your plain brown scales are hard. (AC +5)
You cannot fit into any form of body armour.
You are cold-blooded and may be slowed by cold attacks.


Message History

The orc shouts! x3; You hear a shout!
A kobold comes into view. It is wielding a +0 dagger.
The orc warrior hits you but does no damage.
You conjure some foxfire!
The orc warrior closely misses you.
You closely miss the orc warrior.
The foxfire hits the orc warrior but does no damage.
The orc warrior hits you with a +2 short sword of protection!
You conjure some foxfire!
The orc warrior hits you but does no damage.
You hit the orc warrior but do no damage.
The foxfire hits the orc warrior but does no damage. x2
The orc warrior hits you with a +2 short sword of protection.
You conjure some foxfire!
The orc warrior hits you with a +2 short sword of protection!
* * * LOW HITPOINT WARNING * * *
You hit the orc warrior but do no damage.
The foxfire hits the orc warrior but does no damage. x2
The orc warrior hits you with a +2 short sword of protection!!
Ouch! That really hurt!
You die...

### ######### #.. .(.....[# #.#
# #######.# #.o.# .....##.#
##########o#.##.# ####.##.#
##.........o≈≈≈≈.#
...#.##.#######.@.#######≈###K.#
##.#.##.........#ooo.o...≈≈≈≈≈.#
#.#.######.###..†.#####.≈≈#≈≈...
#.#.# #.# ##.#.# #.≈≈# ≈.#.
#.#.# #.# #.#.# ##≈≈# .#
#.#.######.# #.#.# #≈≈≈≈ #
#.#........# #.#.# #≈###≈
#.########.# #...# #≈≈ . ##.##
#.# ##..# ##


You could see an orc warrior and 3 orcs.

Vanquished Creatures
  3 adders (D:2)
  An ooze (D:1)
  A dart slug (D:1)
  2 leopard geckos
  2 giant cockroaches
  3 hobgoblins (D:1)
  12 jackals
  7 bats
  4 frilled lizards (D:1)
  2 goblins (D:1)
  5 kobolds
  4 rats
46 creatures vanquished.

Vanquished Creatures (others)
  72 foxfires
72 creatures vanquished.

Grand Total: 118 creatures vanquished

Notes
Turn   | Place    | Note
-------+----------+-------------------------------------------
     0 | D:1      | nothank2 the Draconian Fire Elementalist began the quest
                  | for the Orb.
     0 | D:1      | Reached XP level 1. HP: 14/14 MP: 3/3
   243 | D:1      | Reached XP level 2. HP: 20/20 MP: 1/5
   733 | D:1      | Reached XP level 3. HP: 2/26 MP: 0/6
  2135 | D:2      | Reached XP level 4. HP: 21/33 MP: 3/8
  2509 | D:2      | Noticed an orc warrior
  2522 | D:2      | HP: 1/33 [orc warrior/+2 short sword of protection (16)]
  2525 | D:2      | Demolished by an orc warrior

Illustrated notes

Levels and vault maps discovered:
D:1:      saegor_arrival_simple_b, layout_basic, nrook_mini_vaults
D:2:      layout_loops_ring, chequers_serial_rivers_marsh, minmay_crystal_water

Skill      XL: |  1  2  3 |
---------------+----------+-----
Conjurations   | 2 |  2.4
Dodging        | |  1.7
Stealth        | |  1.7
Spellcasting   | |  2.9
Fire Magic     | |  3.8

Action                   |  1- 3 |  4- 6 || total
-------------------------+-------+-------++-------
Melee: Unarmed           |    15 |       ||    15
       Tailslap          |    17 |       ||    17
       Club              |    44 |       ||    44
       Dagger            |    88 |    10 ||    98
 Cast: Foxfire           |    33 |    10 ||    43
 Stab: Sleeping          |     3 |       ||     3
Armor: Skin              |    79 |     5 ||    84
Dodge: Dodged            |   159 |     9 ||   168
